Map: Defender's Landing LE

Players

thermy (uThermal) - Winner!

  • Race: Terran Terran
  • Spawn Location: 1:00

ZhuGeLiang

  • Race: Zerg Zerg
  • Spawn Location: 7:00

Event: WCS Valencia 2017

VOD

Have the link to the VOD?

Description

Time

  • Played on: July 13, 2017, 10:15 a.m.
  • Length: 9:04

All games in this series

Show
View Real Time Build Order
Export as new Build Order

thermy Terran - Winner!

Build Orders: Reaper Expand 

Get SALT Encoding   

  12  0:01  SCV  
  13  0:14  SCV  
  14  0:17  Supply Depot  
  14  0:26  SCV  
  14  0:28  Refinery  
  15  0:39  SCV  
  16  0:45  Barracks  
  16  0:51  SCV  
  17  1:03  SCV  
  18  1:15  SCV  
  19  1:32  Orbital Command, Reaper  
  20  1:47  Command Center  
  20  1:57  SCV  
  21  2:02  Factory  
  21  2:06  Barracks Reactor  
  21  2:09  SCV  
  21  2:14  Supply Depot  
  22  2:22  SCV, Refinery  
  23  2:36  SCV  
  24  2:47  Starport  
  24  2:51  SCV  
  24  2:53  Hellion x2  
  29  3:02  Orbital Command  
  29  3:05  SCV  
  30  3:18  SCV  
  30  3:19  Widow Mine x2  
  35  3:24  Medivac  
  37  3:29  SCV  
  37  3:30  SCV  
  39  3:38  Barracks Tech Lab  
  39  3:41  SCV  
  40  3:42  SCV  
  40  3:49  Supply Depot  
  40  3:53  SCV  
  43  3:55  Hellion  
  43  3:56  Hellion  
  43  4:02  Marine  
  42  4:04  Viking  
  42  4:06  SCV, Supply Depot  
  42  4:08  SCV  
  50  4:17  Hellion x2  
  50  4:18  SCV  
  50  4:20  SCV  
  52  4:30  SCV  
  54  4:32  SCV  
  55  4:42  Command Center  
  55  4:43  SCV  
  55  4:50  SCV, Engineering Bay  
  55  4:51  Engineering Bay  
  56  4:53  Marine x2  
  56  4:55  Siege Tank  
  56  4:59  Supply Depot  
  61  5:00  Supply Depot  
  61  5:03  SCV  
  61  5:05  Supply Depot  
  62  5:07  Refinery  
  62  5:09  Refinery  
  62  5:20  Marine x2, SCV x2  
  64  5:27  Terran Infantry Armor Level 1, Terran Infantry Weapons Level 1  
  62  5:32  SCV x2  
  64  5:43  Starport Reactor, Factory Reactor  
  64  5:45  SCV x2  
  64  5:48  Barracks  
  64  5:49  Marine, Barracks  
  64  5:50  Stimpack  
  64  5:57  Orbital Command, SCV x2  
  67  6:07  Marine  
  67  6:09  SCV x2  
  67  6:10  Barracks  
  70  6:12  Barracks  
  70  6:14  Orbital Command  
  70  6:21  SCV  
  70  6:23  Medivac  
  70  6:25  SCV, Medivac  
  76  6:28  Factory Reactor  
  76  6:29  Marine  
  77  6:33  SCV  
  77  6:37  SCV, Marine  
  77  6:38  Marine  
  77  6:39  SCV  
  82  6:41  Armory  
  82  6:45  SCV  
  82  6:46  Marine x2, Supply Depot  
  85  6:47  Marine  
  85  6:52  SCV  
  85  6:53  Medivac  
  89  6:55  Marine, Medivac  
  89  6:56  Marine, Supply Depot  
  89  6:58  Barracks Reactor x2  
  89  7:00  SCV  
  93  7:03  SCV  
  93  7:04  Marine x2  
  93  7:05  Marine  
  101  7:10  Supply Depot x2  
  101  7:13  Marine  
  96  7:15  Marine  
  96  7:16  Bunker, Factory Tech Lab  
  96  7:21  Marine, Barracks x2  
  96  7:22  Marine, Barracks  
  99  7:23  Marine  
  99  7:26  SCV x2  
  99  7:28  Supply Depot  
  102  7:31  Marine, Medivac  
  102  7:33  Marine, Medivac  
  102  7:36  Marine x2  
  110  7:38  Siege Tank  
  110  7:39  Marine  
  110  7:42  Marine x3  
  117  7:45  Marine  
  117  7:49  Marine  
  117  7:50  Supply Depot x2  
  119  7:52  Marine  
  119  7:54  Marine x2  
  122  7:59  Marine  
  122  8:00  Marine  
  124  8:08  Marine  
  124  8:11  Marine  
  124  8:12  Marauder  
  128  8:16  Siege Tank  
  128  8:17  Marine x2  
  128  8:19  Marine  
  133  8:20  Marine x2  
  133  8:24  Barracks Tech Lab x2  
  133  8:25  Barracks Tech Lab  
  133  8:26  Marine  
  133  8:27  Marine  
  136  8:29  Marine  
  136  8:33  Marauder  
  140  8:35  Marine x2  
  140  8:37  Marine  
  140  8:39  Supply Depot  
  143  8:44  Marine x5  
Show
View Real Time Build Order
Export as new Build Order

ZhuGeLiang Zerg 

Build Orders: Pool First 

Get SALT Encoding   

  12  0:01  Drone  
  13  0:13  Overlord  
  13  0:17  Drone  
  14  0:31  Drone x2  
  14  0:35  Drone  
  17  0:45  Spawning Pool  
  17  0:48  Drone  
  17  1:09  Hatchery  
  17  1:11  Drone  
  17  1:14  Extractor  
  17  1:16  Drone  
  17  1:19  Drone  
  18  1:31  Queen  
  20  1:35  Zergling x2  
  21  1:40  Overlord  
  21  1:49  Drone  
  22  2:01  Drone  
  23  2:07  Queen  
  25  2:13  Drone  
  25  2:15  Metabolic Boost  
  26  2:21  Queen  
  26  2:22  Drone  
  28  2:33  Zergling x4  
  29  2:39  Spore Crawler  
  29  2:41  Spore Crawler  
  27  2:48  Drone x3  
  32  2:52  Overlord  
  32  3:00  Drone  
  32  3:01  Drone x2  
  34  3:11  Drone x2  
  35  3:23  Hatchery  
  34  3:27  Drone  
  35  3:36  Zergling x4  
  35  3:40  Drone x3  
  35  3:41  Drone x2  
  40  3:51  Drone x2  
  39  3:56  Drone  
  39  3:59  Overlord  
  39  4:01  Drone x2  
  42  4:06  Overlord  
  42  4:09  Queen  
  44  4:19  Spore Crawler  
  38  4:24  Drone  
  38  4:25  Drone x4  
  43  4:31  Drone  
  43  4:32  Drone x2  
  43  4:35  Drone x2  
  48  4:45  Queen  
  50  4:46  Queen  
  50  4:52  Queen  
  54  4:55  Extractor  
  54  4:56  Extractor  
  52  5:00  Zergling x6  
  52  5:04  Zergling x4  
  57  5:08  Evolution Chamber  
  57  5:09  Evolution Chamber  
  57  5:14  Overlord  
  55  5:18  Roach Warren  
  55  5:20  Drone  
  55  5:21  Drone x2  
  51  5:31  Extractor, Overlord  
  50  5:38  Zerg Ground Armor Level 1  
  50  5:41  Zerg Melee Weapons Level 1  
  50  5:50  Lair  
  50  5:51  Drone  
  52  5:57  Drone x3  
  52  6:02  Drone x2  
  57  6:05  Drone  
  57  6:06  Drone  
  59  6:13  Drone  
  59  6:14  Drone x2  
  62  6:19  Overlord  
  62  6:24  Overlord  
  62  6:27  Drone x3  
  65  6:39  Roach x3  
  73  6:40  Roach  
  73  6:43  Overlord  
  73  6:49  Roach x4  
  73  6:53  Overlord  
  81  7:00  Infestation Pit  
  80  7:02  Drone x4  
  80  7:03  Drone  
  80  7:06  Ravager  
  80  7:07  Ravager x3  
  89  7:09  Drone  
  89  7:12  Extractor  
  89  7:18  Drone x5  
  94  7:26  Drone x4  
  98  7:30  Overlord  
  98  7:37  Extractor x2  
  97  7:39  Overlord  
  97  7:41  Drone x2, Overlord  
  98  7:51  Overlord  
  98  7:55  Drone x2  
  100  8:00  Infestor  
  100  8:02  Zergling x16  
  110  8:07  Overlord  
  109  8:14  Overlord  
  109  8:17  Roach x5  
  119  8:21  Infestor  
  121  8:29  Zergling x6  
  121  8:30  Zergling x6  
  125  8:39  Zergling x10  
  130  8:44  Roach x2  
Tags
 
Add a new tag
Caveats
  • Supply blocks, unpowered buildings, or Contaminate may cause inaccurate times.
  • Supply counts are checked every 10 seconds.